 Dungeon Crawl Stone Soup version 0.21-a0-621-gc60411f (webtiles) character file.

47908 Charly the Severer (level 14, -15/135 HPs)
             Began as a Deep Dwarf Fighter on Dec 24, 2017.
             Was the Champion of Makhleb.
             Demolished by a death yak (28 damage)
             ... on level 6 of the Lair of Beasts.
             The game lasted 00:23:35 (6402 turns).

Charly the Severer (Deep Dwarf Fighter)             Turns: 6402, Time: 00:23:36

Health: -15/135    AC: 29    Str: 22    XL:     14   Next: 10%
Magic:  15/15      EV: 12    Int: 13    God:    Makhleb [******]
Gold:   1240       SH:  0    Dex: 17    Spells: 13/13 levels left

rFire    . . .     SeeInvis .   m - +5 broad axe (protect)
rCold    . . .     Gourm    .   c - +0 shield
rNeg     + . .     Faith    +   r - +12 chain mail of Korhuxko {MR+ Str-2 Dex+5}
rPois    .         Spirit   .   n - +2 hat {Int+3}
rElec    .         Reflect  .   (no cloak)
rCorr    .         Harm     .   C - +0 pair of gloves
MR       +++..     Rnd*Rage +   h - +1 pair of boots Stlth ..........Rnd*Tele +
                                l - amulet of faith
HPRegen  0.00/turn              (no ring)
MPRegen  0.14/turn              (no ring)

@: sleeping, non-regenerating, hasted
A: damage resistance, heal wounds, horns 1, berserk 1, blurry vision 1, negative
energy resistance 1, sense surroundings 2, teleportitis 1, no regeneration
a: Heal Wounds, Minor Destruction, Lesser Servant of Makhleb, Major Destruction,
Greater Servant of Makhleb, Renounce Religion


You were on level 6 of the Lair of Beasts.
You worshipped Makhleb.
Makhleb was exalted by your worship.
You were hungry.

You visited 3 branches of the dungeon, and saw 22 of its levels.
You also visited: Bailey and Ice Cave.

You collected 1976 gold pieces.
You spent 736 gold pieces at shops.

Inventory:

Hand Weapons
 m - a +5 broad axe of protection (weapon)
Armour
 c - a +0 shield (worn)
 h - a +1 pair of boots (worn)
 n - a +2 hat of intelligence (worn)
 r - the +12 chain mail of Korhuxko (worn) {MR+ Str-2 Dex+5}
   (You found it on level 8 of the Dungeon)

   It affects your strength (-2).
   It affects your dexterity (+5).
   It affects your resistance to hostile enchantments.
 C - a +0 pair of gloves (worn)
Jewellery
 l - an amulet of faith (around neck)
Wands
 b - a wand of random effects (5)
 y - a wand of digging (18)
 z - a wand of iceblast (4)
Scrolls
 a - 2 scrolls of fear
 g - 2 scrolls of remove curse
 j - a scroll of magic mapping
 o - 4 scrolls of teleportation
 t - a scroll of enchant armour
 v - 2 scrolls of blinking
 w - a scroll of summoning
 x - 5 scrolls of identify
Potions
 d - a potion of might
 e - 2 potions of magic
 i - 4 potions of haste
 k - 5 potions of curing
 p - 2 potions of heal wounds
 q - a potion of ambrosia
 A - a potion of agility
 D - a potion of resistance
 E - 2 potions of flight
Books
 s - a book of Spatial Translocations

   Spells                             Type                      Level
   a - Blink                          Translocation                2
   b - Shroud of Golubria             Charms/Translocation         2
   c - Lesser Beckoning               Translocation                3
   d - Gell's Gravitas                Translocation                3
   e - Teleport Other                 Translocation                3
   f - Passage of Golubria            Translocation                4
 F - a book of Conjurations

   Spells                             Type                      Level
   a - Magic Dart                     Conjuration                  1
   b - Searing Ray                    Conjuration                  2
   c - Dazzling Spray                 Conjuration/Hexes            3
   d - Fulminant Prism                Conjuration/Hexes            4
   e - Force Lance                    Conjuration/Translocation    4
   f - Iskenderun's Mystic Blast      Conjuration                  4
Miscellaneous
 B - a sack of spiders
Comestibles
 f - 24 rations


   Skills:
 + Level 11.2 Fighting
 - Level 16.1 Axes
 + Level 10.3 Armour
 + Level 7.6 Dodging
 + Level 10.4 Shields
 + Level 8.3 Invocations


You had 13 spell levels left.
You didn't know any spells.

Dungeon Overview and Level Annotations

Branches:
Dungeon (15/15)            Temple (1/1) D:4            Lair (6/6) D:8
  Swamp (0/4) Lair:4       Spider (0/4) Lair:2        Slime (0/5) Lair:6
    Orc (0/2) D:11         Vaults (0/5) D:13
 Depths: D:15

Altars:
Ashenzari
Elyvilon
Fedhas
Hepliaklqana
Makhleb
Nemelex Xobeh
Okawaru
Qazlal
Sif Muna
Uskayaw
Yredelemnul
Zin
The Shining One
Jiyva

Shops:
D:7 *

Portals:
Trove: D:13 (give +2 shadow dragon scales)

Annotations:
D:14 exclusion: 2 oklob plants
D:15 Louise


Innate Abilities, Weirdness & Mutations

You are resistant to damage.
You can heal yourself by infusing magical energy.
You resist negative energy. (rN+)
You passively map the area around you.
You do not regenerate.
You have a pair of small horns on your head.
You tend to lose your temper in combat.
Scrolls take you a little longer to read.
You are occasionally teleported next to monsters.


Message History

The 13-headed hydra closely misses you. The 13-headed hydra bites you!!!
You wake up.
* * * LOW HITPOINT WARNING * * *
You block the 13-headed hydra's attack.
The 13-headed hydra bites you but does no damage. x2
You block the 13-headed hydra's attack. x2
The 13-headed hydra completely misses you.
The 13-headed hydra bites you but does no damage.
Unknown command.
Unknown command.
Your ynoxinul completely misses the 13-headed hydra.
The death yak misses you.
Unknown command.
Unknown command.
Your ynoxinul hits the 13-headed hydra! The dream sheep bites your ynoxinul.
The dream sheep are wreathed in dream dust.
You feel drowsy...
You fall asleep.
Your ynoxinul gestures.
The death yak gores you!!
You die...

#...#≈§###§≈§≈#..... ,,
, #P...#§#..##........ ,
#P..........†.......,,,,
#...#).............. *
#........Y....... ,
*##?..Y.PY........ , ,
###...Y.Y.Y5......,
#.....YYY3.5..=... ,,
###...@D..5.......
#......##.........
##......##......... ,
#.....#.#PP.....#. ,, ,
##P....##..P.#### *
#.....###P..#
##..†..#...### ,
##...#.#...P.#* **
#....#..#....P ,


You could see 4 death yaks, a 13-headed hydra, 5 dream sheep, a friendly
ynoxinul and 3 friendly ufetubi.

Vanquished Creatures
  The ghost of Gaball the Fighter, a journeyman FoAK of Lugonu (Lair:3)
  Nessos (D:13)
  Josephine (D:14)
  A queen ant (Lair:2)
  A death knight (D:14)
  15 death yaks
  The ghost of Amnesiac the Martial Artist, a novice OpTm of Okawaru (Bailey)
  Nergalle (Lair:2)
  An orc knight (D:13)
  A phantasmal warrior (D:14)
  2 ugly things
  A manticore (D:13)
  3 black mambas
  14 elephants
  A molten gargoyle (Lair:6)
  6 spiny frogs
  3 yaktaurs (D:13)
  An efreet (D:14)
  A freezing wraith (D:14)
  4 komodo dragons
  2 trolls
  5 hippogriffs
  2 shadows
  17 yaks
  5 wraiths
  2 fire bats (Lair:6)
  A wyvern (Lair:4)
  2 basilisks
  4 hogs (D:7)
  A human (D:7)
  4 vampire mosquitoes (D:12)
  10 water moccasins
  4 porcupines
  12 soldier ants (Lair:2)
  7 orc warriors
  A swamp drake (Lair:1)
  A sky beast (D:13)
  3 ice beasts
  6 ogres
  A black bear (D:8)
  An eye of draining (shapeshifter) (D:12)
  2 necrophages
  2 phantoms
  6 crocodiles
  13 wolves (Lair:6)
  7 centaurs
  A boggart (D:13)
  19 bullfrogs
  4 big kobolds
  A wyvern zombie (D:13)
  A scorpion (D:12)
  3 wights (D:11)
  2 killer bees (D:8)
  2 crimson imps
  A bullfrog zombie (D:12)
  2 centaur zombies
  2 hounds
  2 jellies
  4 orc priests
  5 centaur skeletons
  A bullfrog skeleton (D:7)
  8 orc wizards
  21 worker ants
  2 hound skeletons (D:4)
  9 gnolls
  4 adders
  2 river rats (Lair:1)
  A shadow imp (D:14)
  An ooze (D:2)
  An adder zombie (D:9)
  An adder skeleton (D:4)
  A worm (D:6)
  A dart slug (D:2)
  2 leopard geckos
  39 orcs
  3 bats
  9 goblins
  7 hobgoblins
  3 jackals (D:6)
  16 kobolds
  A quokka (D:12)
  A frilled lizard (D:2)
  4 rats
  3 fungi
  A plant (Lair:1)
372 creatures vanquished.

Vanquished Creatures (collateral kills)
  Gastronok (Lair:3)
  2 hydras
  A centaur warrior (D:13)
  A two-headed ogre (D:13)
  An ugly thing (D:11)
  A black mamba (Lair:4)
  A hornet (D:13)
  4 yaks
  An orc warrior (D:13)
  2 centaurs (D:13)
15 creatures vanquished.

Vanquished Creatures (others)
  6 fungi (Lair:6)
  5 plants
11 creatures vanquished.

Grand Total: 398 creatures vanquished

Notes
Turn   | Place    | Note
-------+----------+-------------------------------------------
     0 | D:1      | Charly the Deep Dwarf Fighter began the quest for the Orb.
     0 | D:1      | Reached XP level 1. HP: 20/20 MP: 1/1
    52 | D:1      | Reached XP level 2. HP: 22/27 MP: 2/2
   112 | D:2      | Reached skill level 3 in Axes
   149 | D:2      | Noticed an earth elemental
   151 | D:2      | Found a stormy altar of Qazlal.
   215 | D:3      | Reached XP level 3. HP: 26/34 MP: 3/3
   218 | D:3      | Found a sparkling altar of Nemelex Xobeh.
   232 | D:2      | Found a basalt altar of Yredelemnul.
   243 | D:2      | Found a glowing golden altar of the Shining One.
   243 | D:2      | Found an iron altar of Okawaru.
   310 | D:4      | Reached skill level 4 in Axes
   328 | D:4      | Found a staircase to the Ecumenical Temple.
   339 | Temple   | Entered the Ecumenical Temple
   415 | Temple   | Became a worshipper of Makhleb the Destroyer
   545 | D:4      | Found Sopuro's Magic Scroll Shop.
   552 | D:4      | Bought a scroll of identify for 28 gold pieces
   616 | D:5      | Entered Level 5 of the Dungeon
   636 | D:5      | Reached XP level 4. HP: 32/42 MP: 4/4
   690 | D:6      | Noticed a bullfrog
   696 | D:6      | Killed a bullfrog
   696 | D:6      | Reached skill level 5 in Axes
   696 | D:6      | Reached XP level 5. HP: 34/50 MP: 5/5
   719 | D:6      | Noticed an ogre
   732 | D:6      | Killed an ogre
   732 | D:6      | Reached XP level 6. HP: 45/57 MP: 6/6
   785 | D:6      | Reached skill level 6 in Axes
   797 | D:6      | Found a white marble altar of Elyvilon.
   925 | D:6      | Reached skill level 7 in Axes
   925 | D:6      | Reached XP level 7. HP: 40/66 MP: 7/7
   959 | D:6      | Reached * piety under Makhleb
   989 | D:7      | Reached skill level 5 in Fighting
  1138 | D:7      | Noticed a hog
  1138 | D:7      | Noticed a hog
  1138 | D:7      | Noticed a human
  1140 | D:7      | Noticed a hog
  1141 | D:7      | Noticed a hog
  1149 | D:7      | Killed a hog
  1149 | D:7      | Reached skill level 8 in Axes
  1159 | D:7      | Killed a hog
  1159 | D:7      | Reached XP level 8. HP: 48/75 MP: 5/5
  1167 | D:7      | Reached skill level 9 in Axes
  1283 | D:7      | Reached skill level 10 in Axes
  1360 | D:7      | Found Oleytet's Assorted Antiques.
  1364 | D:7      | Bought a scroll labeled KIKEIPSIHIM for 19 gold pieces
  1364 | D:7      | Bought a scroll labeled NUROHO UMMOSI for 19 gold pieces
  1364 | D:7      | Bought a scroll labeled MEWEPO TAUTZ for 19 gold pieces
  1568 | D:7      | Reached ** piety under Makhleb
  1617 | D:7      | Gained mutation: You passively map the area around you. [Deep Dwarf growth]
  1617 | D:7      | Reached XP level 9. HP: 63/85 MP: 6/6
  1693 | D:8      | Gained mutation: You tend to lose your temper in combat. [potion of mutation]
  1693 | D:8      | Gained mutation: You expend magic power (3 MP) to strengthen your wands. [potion of mutation]
  1693 | D:8      | Gained mutation: You are occasionally teleported next to monsters. [potion of mutation]
  1693 | D:8      | Gained mutation: Your flesh is heat resistant. (rF+) [potion of mutation]
  1694 | D:8      | Lost mutation: Your flesh is heat resistant. (rF+) [potion of mutation]
  1694 | D:8      | Lost mutation: You expend magic power (3 MP) to strengthen your wands. [potion of mutation]
  1694 | D:8      | Lost mutation: You tend to lose your temper in combat. [potion of mutation]
  1694 | D:8      | Gained mutation: Scrolls take you a little longer to read. [potion of mutation]
  1694 | D:8      | Gained mutation: You tend to lose your temper in combat. [potion of mutation]
  1694 | D:8      | Gained mutation: You have a pair of small horns on your head. [potion of mutation]
  1712 | D:8      | Found a staircase to the Lair.
  1724 | D:8      | Reached skill level 11 in Axes
  1796 | D:8      | Got a smelly chain mail
  1807 | D:8      | Identified the +12 chain mail of Korhuxko {MR+ Str-2 Dex+5} (You found it on level 8 of the Dungeon)
  1811 | D:8      | Got a faintly humming ring mail
  1822 | D:8      | Identified the +5 ring mail of Kaddagh {*Corrode Dex+7} (You found it on level 8 of the Dungeon)
  1902 | D:8      | Found a flagged portal.
  1914 | D:8      | Reached skill level 12 in Axes
  1923 | Bailey   | Entered a bailey
  1957 | Bailey   | Noticed Amnesiac's ghost (novice OpTm)
  1992 | Bailey   | Killed Amnesiac's ghost
  1992 | Bailey   | Reached *** piety under Makhleb
  1992 | Bailey   | Reached XP level 10. HP: 39/96 MP: 6/6
  2119 | Lair:1   | Entered Level 1 of the Lair of Beasts
  2168 | Lair:1   | Noticed a spiny frog
  2181 | Lair:1   | Killed a spiny frog
  2361 | Lair:2   | Noticed a queen ant
  2365 | Lair:2   | Reached skill level 5 in Shields
  2379 | Lair:2   | Killed a queen ant
  2379 | Lair:2   | Reached skill level 13 in Axes
  2379 | Lair:2   | Reached skill level 5 in Armour
  2431 | Lair:2   | Reached **** piety under Makhleb
  2503 | Lair:2   | Reached XP level 11. HP: 104/104 MP: 8/8
  2512 | Lair:2   | Noticed Nergalle
  2530 | Lair:2   | Killed Nergalle
  2559 | Lair:2   | Found a frozen archway.
  2565 | IceCv    | Entered an ice cave
  2585 | Lair:3   | Noticed Gastronok
  2597 | Lair:3   | Killed Gastronok
  2681 | Lair:3   | Noticed Gaball's ghost (journeyman FoAK)
  2730 | Lair:3   | Noticed a four-headed hydra
  2753 | Lair:2   | Reached skill level 14 in Axes
  2753 | Lair:2   | Reached skill level 5 in Invocations
  2951 | D:10     | Entered Level 10 of the Dungeon
  3046 | D:9      | Got a translucent scythe {flame}
  3108 | D:9      | Found a hazy altar of Hepliaklqana.
  3349 | D:4      | Bought a scroll of fear for 49 gold pieces
  3349 | D:4      | Bought a scroll of brand weapon for 280 gold pieces
  3349 | D:4      | Bought a scroll of blinking for 105 gold pieces
  3349 | D:4      | Bought a scroll of summoning for 133 gold pieces
  3349 | D:4      | Bought 3 scrolls of identify for 84 gold pieces
  3644 | D:12     | Reached ***** piety under Makhleb
  3854 | D:11     | Noticed a purple ugly thing
  3862 | D:11     | Killed a purple ugly thing
  3883 | D:12     | Reached skill level 1 in Dodging
  4091 | D:12     | Noticed a white ugly thing
  4099 | D:12     | Killed a white ugly thing
  4174 | D:13     | Noticed Nessos
  4181 | D:13     | Noticed an orc knight
  4184 | D:13     | Noticed a centaur warrior
  4192 | D:13     | Killed an orc knight
  4192 | D:13     | Reached XP level 12. HP: 66/115 MP: 8/11
  4192 | D:13     | Killed a centaur warrior
  4201 | D:13     | Killed Nessos
  4275 | D:13     | Noticed a two-headed ogre
  4278 | D:13     | Killed a two-headed ogre
  4302 | D:13     | Reached skill level 15 in Axes
  4340 | D:13     | Found a gate to the Vaults.
  4612 | D:15     | Entered Level 15 of the Dungeon
  4775 | D:14     | Noticed a death knight
  4793 | D:14     | Killed a death knight
  4793 | D:14     | Reached ****** piety under Makhleb
  4793 | D:14     | Reached skill level 10 in Fighting
  4808 | D:13     | Found a portal to a secret trove of treasure.
  4873 | D:14     | Found a blossoming altar of Fedhas.
  4967 | D:15     | Noticed Josephine
  4968 | D:15     | Noticed Louise
  4982 | D:14     | Killed Josephine
  5113 | D:11     | Noticed a five-headed hydra
  5139 | D:11     | Killed a five-headed hydra
  5225 | D:11     | Found a staircase to the Orcish Mines.
  5550 | Lair:3   | Reached skill level 5 in Dodging
  5554 | Lair:3   | Reached XP level 13. HP: 123/123 MP: 12/12
  5605 | Lair:3   | Killed Gaball's ghost
  5720 | Lair:4   | Reached skill level 16 in Axes
  5828 | Lair:4   | Found a staircase to the Swamp.
  6094 | Lair:6   | Entered Level 6 of the Lair of Beasts
  6094 | Lair:6   | Found a viscous altar of Jiyva.
  6094 | Lair:6   | Found a staircase to the Slime Pits.
  6115 | Lair:6   | Reached skill level 10 in Shields
  6131 | Lair:6   | Reached skill level 10 in Armour
  6283 | Lair:6   | Gained mutation: You resist negative energy. (rN+) [Deep Dwarf growth]
  6283 | Lair:6   | Reached XP level 14. HP: 135/135 MP: 15/15
  6402 | Lair:6   | Demolished by a death yak

Vault maps used:
D:1:      eino_arrival_tree_alley, minmay_door_square
D:2:      nicolae_ru_the_path_less_chosen, nicolae_qazlal_style_of_elements,
          old_standard_altar, grunt_temple_overflow_open
D:3:      lemuel_crystal_altar, lemuel_coloured_pillars_altar,
          nemelex_xobeh_ov_fountains_minmay
D:4:      lemuel_crystal_altar, grunt_gozag_breadcrumbs,
          minmay_temple_entry_glassed_door, serial_shops, shop, minmay_bisected,
          uniq_eustachio
D:5:      first_ration
D:6:      kennysheep_windowed_halls, basic_altar, minivault_5, hex_medium,
          serial_bayou_pond_b
D:7:      nicolae_overflow_hidden_temple, serial_shops, shop, grunt_livestock,
          kennysheep_generic_room_2
D:8:      david_lair_generic, enter_bailey_3, uniq_pikel
D:9:      xom_shifter_show, kennysheep_mini, uniq_erolcha
D:10:     hangedman_decor_growths
D:11:     david_orc_2
D:13:     hangedman_vaults_entry_quadrant_bands, enter_trove_0, uniq_snorg,
          uniq_nessos, uniq_frances
D:14:     glass_columns_c, hangedman_tree_tricks
D:15:     grunt_enter_depths_giant_problem, tso_altar, minmay_misc_feat_doors,
          serial_bayou_pond_b, uniq_louise, uniq_josephine
Temple:   nicolae_temple_figure_zero
Lair:1:   minivault_23, st_stairs_10, pond, uniq_joseph
Lair:2:   dummy_spider_entry, portal_ice_cave_entry_pillars_1,
          minmay_another_anthill, uniq_gastronok, uniq_nergalle
Lair:4:   swamp_mist_pool, serial_bayou_shore_b, serial_bayou_shore_b
Lair:5:   minmay_lindwurm_lava, grunt_megastairs_5, infiniplex_staircase_pool_2,
          lemuel_fruit_tree
Lair:6:   hangedman_lair_in_review, slime_altar_1,
          eino_small_chamber_without_monster
Bailey:   bailey_axe_1, bailey
IceCv:    ice_cave_small_necro

Skill      XL: |  1  2  3  4  5  6  7  8  9 10 11 12 13 |
---------------+----------------------------------------+-----
Fighting       | 3 4 5 6 8 9 10 11 | 11.2
Axes           | 3 4 5 7 8 10 12 13 14 15 16 | 16.1
Armour         | 4 5 7 8 10 | 10.3
Shields        | 4 5 7 8 10 | 10.4
Invocations    | 3 5 8 |  8.3
Dodging        | 2 5 7 |  7.6

Action                   |  1- 3 |  4- 6 |  7- 9 | 10-12 | 13-15 || total
-------------------------+-------+-------+-------+-------+-------++-------
Melee: War axe           |    72 |       |       |       |       ||    72
       Broad axe         |     7 |    46 |   190 |   568 |   261 ||  1072
       Headbutt          |       |       |    21 |   139 |    82 ||   242
Invok: Lesser Servant of |       |       |       |     9 |     4 ||    13
 Abil: Heal Wounds       |       |     2 |     8 |     1 |       ||    11
Evoke: Phantom mirror    |       |       |       |       |     1 ||     1
  Use: Scroll            |     3 |       |     5 |    15 |     2 ||    25
       Potion            |       |       |     2 |     2 |     1 ||     5
 Stab: Confused          |       |       |       |     2 |       ||     2
       Distracted        |       |       |       |     4 |       ||     4
  Eat: Chunk             |       |       |     4 |     9 |     3 ||    16
       Ration            |       |       |       |     1 |       ||     1
Armor: Scale mail        |    35 |    14 |    40 |       |       ||    89
       Chain mail        |       |       |    91 |   362 |   202 ||   655
Dodge: Dodged            |    25 |    17 |    57 |   143 |   158 ||   400
Block: Shield            |    30 |    23 |   126 |   320 |   210 ||   709

Table legend:
 A = Spawn XP
 B = Non-spawn XP
 C = Spawn XP percentage of total XP
 D = Spawn monster count
 E = Non-spawn monster count
 F = Spawn count percentage of total count
 G = Total turns spent on level
                    A         B        C        D         E        F      G
               +---------+---------+-------+---------+---------+-------+---------
         Total |       0 |   68440 |   0.0 |       0 |     383 |   0.0 |  6402
               +---------+---------+-------+---------+---------+-------+---------
           D:1 |       0 |      15 |   0.0 |       0 |       8 |   0.0 |   111
           D:2 |       0 |      18 |   0.0 |       0 |       7 |   0.0 |   141
           D:3 |       0 |      20 |   0.0 |       0 |       5 |   0.0 |    73
           D:4 |       0 |      42 |   0.0 |       0 |       3 |   0.0 |   289
           D:5 |       0 |      32 |   0.0 |       0 |       1 |   0.0 |    47
           D:6 |       0 |     790 |   0.0 |       0 |      17 |   0.0 |   366
           D:7 |       0 |    2234 |   0.0 |       0 |      36 |   0.0 |   822
           D:8 |       0 |    1604 |   0.0 |       0 |      19 |   0.0 |   385
           D:9 |       0 |     457 |   0.0 |       0 |      12 |   0.0 |   309
          D:11 |       0 |    3125 |   0.0 |       0 |      24 |   0.0 |   488
          D:12 |       0 |    3044 |   0.0 |       0 |      37 |   0.0 |   545
          D:13 |       0 |    6554 |   0.0 |       0 |      31 |   0.0 |   246
          D:14 |       0 |    6267 |   0.0 |       0 |      19 |   0.0 |   593
          D:15 |       0 |     479 |   0.0 |       0 |       3 |   0.0 |    25
        Lair:1 |       0 |    1471 |   0.0 |       0 |      13 |   0.0 |   254
        Lair:2 |       0 |    5469 |   0.0 |       0 |      39 |   0.0 |   315
        Lair:3 |       0 |    8012 |   0.0 |       0 |      16 |   0.0 |   282
        Lair:4 |       0 |    8676 |   0.0 |       0 |      23 |   0.0 |   404
        Lair:5 |       0 |    5320 |   0.0 |       0 |       7 |   0.0 |    51
        Lair:6 |       0 |   13387 |   0.0 |       0 |      44 |   0.0 |   308
        Bailey |       0 |    1424 |   0.0 |       0 |      19 |   0.0 |   152
               +---------+---------+-------+---------+---------+-------+---------
